PIO (24 & UNDER)
SALEM SLEDGEHAMMERS @ EAU CLAIRE ESQUIRES
09/04/2026
 
TOP OF THE 1ST
Salem Sledgehammers batting - Pitching for Eau Claire Esquires : RHP Pete O'Connor
Pitching: RHP Pete O'Connor
Batting: RHB Luis Bustamante 0-0: Ground out 6-3 (Groundball, 6)
Batting: LHB José Rivera 0-0: Ball
1-0: Ball
2-0: Ball
3-0: Base on Balls
Batting: LHB Nathan Frey 0-0: Called Strike
0-1: Ball
1-1: Ball
2-1: SINGLE (Line Drive, 6MD)
José Rivera to second
Batting: SHB Enrique Uribe 0-0: Ball
José Rivera is caught stealing 3rd base
Nathan Frey to second
1-0: Ball
2-0: Ball
3-0: Base on Balls
Batting: RHB Bobby Miller 0-0: Ball
1-0: SINGLE (Line Drive, 78M)
Nathan Frey to third
Enrique Uribe to second
Runner from 3rd tries for Home, SAFE, no throw or cutoff
Batting: RHB José García 0-0: Foul Ball, location: 2F
0-1: Ball
1-1: Ball
2-1: Foul Ball, location: 2F
2-2: Fly out, F8 (Flyball, 8LM)
Top of the 1st over - 1 run(s), 2 hit(s), 0 error(s), 2 left on base; Salem 1 - Eau Claire 0
BOTTOM OF THE 1ST
Eau Claire Esquires batting - Pitching for Salem Sledgehammers : LHP Jesús González
Pitching: LHP Jesús González
Batting: SHB Álex Hernández 0-0: Ball
1-0: Swinging Strike
1-1: Foul Ball, location: 2F
1-2: Foul Ball, location: 2F
1-2: Ball
2-2: Foul Ball, location: 2F
2-2: Foul Ball, location: 2F
2-2: Ball
3-2: Base on Balls
Batting: RHB Félix Gonzáles 0-0: Called Strike
0-1: Ball
1-1: SINGLE (Flyball, 9LM)
Álex Hernández to second
Runner from 2nd tries for 3rd, SAFE, no throw or cutoff
Batting: RHB Terry Perkins 0-0: Ball
1-0: Called Strike
1-1: Ball
2-1: Swinging Strike
2-2: Fly out, F7 (Flyball, 78D)
Runner from 3rd tags up, SCORES, no throw
Batting: RHB Jon Krohne 0-0: Ball
1-0: Grounds into double play, 5-4-3 (Groundball, 56)
Bottom of the 1st over - 1 run(s), 1 hit(s), 0 error(s), 0 left on base; Salem 1 - Eau Claire 1
TOP OF THE 2ND
Salem Sledgehammers batting - Pitching for Eau Claire Esquires : RHP Pete O'Connor
Batting: RHB Patrick Daniels 0-0: Called Strike
0-1: Ball
1-1: SINGLE (Groundball, 56D)
Batting: LHB Caleb Hall 0-0: SINGLE (Flyball, 9LS)
Patrick Daniels to second
Runner from 2nd tries for 3rd, SAFE, no throw or cutoff
Batting: RHB Lakota O'Reilly 0-0: Foul Ball, location: 2F
0-1: Foul Ball, location: 2F
0-2: Foul Ball, location: 2F
0-2: Ball
1-2: Ground out 5-3 (Groundball, 56S)
Patrick Daniels scores
Caleb Hall to second
Batting: RHB Luis Bustamante 0-0: Called Strike
0-1: Foul Ball, location: 2F
0-2: Ball
1-2: DOUBLE (Flyball, 7LM)
Caleb Hall scores
Batting: LHB José Rivera 0-0: Foul Ball, location: 2F
0-1: Called Strike
0-2: Ground out 4-3 (Groundball, 34)
Luis Bustamante to third
Batting: LHB Nathan Frey 0-0: Ball
1-0: Ground out 5-3 (Groundball, 56S)
Top of the 2nd over - 2 run(s), 3 hit(s), 0 error(s), 1 left on base; Salem 3 - Eau Claire 1
BOTTOM OF THE 2ND
Eau Claire Esquires batting - Pitching for Salem Sledgehammers : LHP Jesús González
Batting: RHB Luis Pérez 0-0: Ball
1-0: Foul Ball, location: 2F
1-1: Swinging Strike
1-2: Ball
2-2: Strikes out looking
Batting: RHB David Alonso 0-0: Foul Ball, location: 2F
0-1: Foul Ball, location: 2F
0-2: Ground out 6-3 (Groundball, 6)
Batting: LHB Johnny Foley 0-0: Ball
1-0: Called Strike
1-1: Ball
2-1: SINGLE (Groundball, 34D)
Batting: RHB Jason Stover 0-0: SINGLE (Line Drive, 8RS)
Johnny Foley to second
Batting: RHB Dave Anderson 0-0: Fly out, F1 (Line Drive, 15)
Bottom of the 2nd over - 0 run(s), 2 hit(s), 0 error(s), 2 left on base; Salem 3 - Eau Claire 1
TOP OF THE 3RD
Salem Sledgehammers batting - Pitching for Eau Claire Esquires : RHP Pete O'Connor
Batting: SHB Enrique Uribe 0-0: Fly out, F9 (Popup, 3D)
Batting: RHB Bobby Miller 0-0: Ball
1-0: Ball
2-0: Ground out 6-3 (Groundball, 6)
Batting: RHB José García 0-0: Ground out 5-3 (Groundball, 56S)
Top of the 3rd over - 0 run(s), 0 hit(s), 0 error(s), 0 left on base; Salem 3 - Eau Claire 1
BOTTOM OF THE 3RD
Eau Claire Esquires batting - Pitching for Salem Sledgehammers : LHP Jesús González
Batting: SHB Álex Hernández 0-0: Called Strike
0-1: Ball
1-1: Ball
2-1: Foul Ball, location: 2F
2-2: Foul Ball, location: 2F
2-2: TRIPLE (Line Drive, 8RM)
Batting: RHB Félix Gonzáles 0-0: Ball
1-0: Ball
2-0: Called Strike
2-1: Ball
3-1: Base on Balls
Batting: RHB Terry Perkins 0-0: Called Strike
0-1: Ball
1-1: Reached on error, E5 (Groundball, 56)
Álex Hernández scores
Félix Gonzáles to second
Batting: RHB Jon Krohne 0-0: Called Strike
0-1: Ball
1-1: Ball
2-1: Swinging Strike
2-2: Strikes out looking
Batting: RHB Luis Pérez 0-0: Fly out, F8 (Flyball, 8RS)
Batting: RHB David Alonso 0-0: Ball
Passed Ball!
Félix Gonzáles to third
Terry Perkins to second
1-0: Called Strike
1-1: Foul Ball, location: 2F
1-2: Ground out 6-3 (Groundball, 6)
Bottom of the 3rd over - 1 run(s), 1 hit(s), 1 error(s), 2 left on base; Salem 3 - Eau Claire 2
TOP OF THE 4TH
Salem Sledgehammers batting - Pitching for Eau Claire Esquires : RHP Pete O'Connor
Batting: RHB Patrick Daniels 0-0: Called Strike
0-1: Ball
1-1: Ball
2-1: Ball
3-1: Base on Balls
Batting: LHB Caleb Hall 0-0: Ball
1-0: SINGLE (Line Drive, 9S)
Patrick Daniels to second
Runner from 2nd tries for 3rd, SAFE, throw made to third
Batting: RHB Lakota O'Reilly 0-0: Called Strike
0-1: SINGLE (Line Drive, 6MD)
Patrick Daniels scores
Caleb Hall to second
Batting: RHB Luis Bustamante 0-0: Ball
1-0: Ball
2-0: Called Strike
2-1: Ball
3-1: Base on Balls
Caleb Hall to third
Lakota O'Reilly to second
Batting: LHB José Rivera 0-0: SINGLE (Flyball, 9S)
Caleb Hall scores
Lakota O'Reilly to third
Luis Bustamante to second
Runner from 3rd tries for Home, SAFE, no throw or cutoff
Batting: LHB Nathan Frey 0-0: Ball
1-0: SINGLE (Line Drive, 6M)
Luis Bustamante to third
José Rivera to second
Batting: SHB Enrique Uribe 0-0: Called Strike
0-1: Ball
1-1: Ball
2-1: Swinging Strike
2-2: Fly out, F6 (Popup, 6)
Batting: RHB Bobby Miller 0-0: Called Strike
0-1: Ball
1-1: Ball
2-1: Swinging Strike
2-2: Foul Ball, location: 2F
2-2: Strikes out swinging
Pitching: RHP José Rivera
Batting: RHB José García 0-0: Called Strike
0-1: Fly out, F7 (Flyball, 7M)
Top of the 4th over - 3 run(s), 4 hit(s), 0 error(s), 3 left on base; Salem 6 - Eau Claire 2
BOTTOM OF THE 4TH
Eau Claire Esquires batting - Pitching for Salem Sledgehammers : LHP Jesús González
Batting: LHB Johnny Foley 0-0: Ball
1-0: Ball
2-0: Ball
3-0: Called Strike
3-1: Ground out 4-3 (Groundball, 4)
Batting: RHB Jason Stover 0-0: DOUBLE (Line Drive, 7M)
Batting: RHB Dave Anderson 0-0: Called Strike
0-1: Ground out U3 (Groundball, 3)
Jason Stover to third
Batting: SHB Álex Hernández 0-0: Ground out 1-3 (Groundball, 13S)
Bottom of the 4th over - 0 run(s), 1 hit(s), 0 error(s), 1 left on base; Salem 6 - Eau Claire 2
TOP OF THE 5TH
Salem Sledgehammers batting - Pitching for Eau Claire Esquires : RHP José Rivera
Batting: RHB Patrick Daniels 0-0: Ball
1-0: Called Strike
1-1: Called Strike
1-2: Ball
2-2: DOUBLE (Line Drive, 89M)
Batting: LHB Caleb Hall 0-0: Called Strike
0-1: Ball
1-1: Called Strike
1-2: Ground out 4-3 (Groundball, 4)
Patrick Daniels to third
Batting: RHB Lakota O'Reilly 0-0: Ball
1-0: Called Strike
1-1: Ball
2-1: Ground out 5-3 (Groundball, 56)
Patrick Daniels scores
Batting: RHB Luis Bustamante 0-0: Ball
1-0: Fly out, F6 (Line Drive, 6D)
Top of the 5th over - 1 run(s), 1 hit(s), 0 error(s), 0 left on base; Salem 7 - Eau Claire 2
BOTTOM OF THE 5TH
Eau Claire Esquires batting - Pitching for Salem Sledgehammers : LHP Jesús González
Batting: RHB Félix Gonzáles 0-0: Ball
1-0: Swinging Strike
1-1: Ball
2-1: Foul Ball, location: 2F
2-2: Foul Ball, location: 2F
2-2: Strikes out swinging
Batting: RHB Terry Perkins 0-0: Ground out 6-3 (Groundball, 6)
Batting: RHB Jon Krohne 0-0: DOUBLE (Line Drive, 78S)
Batting: RHB Luis Pérez 0-0: Swinging Strike
0-1: Ball
1-1: Foul Ball, location: 2F
1-2: Strikes out looking
Bottom of the 5th over - 0 run(s), 1 hit(s), 0 error(s), 1 left on base; Salem 7 - Eau Claire 2
TOP OF THE 6TH
Salem Sledgehammers batting - Pitching for Eau Claire Esquires : RHP José Rivera
Batting: LHB José Rivera 0-0: Called Strike
0-1: Ball
1-1: Ball
2-1: Ball
3-1: DOUBLE (Flyball, 7LM)
Batting: LHB Nathan Frey 0-0: Called Strike
0-1: Ball
1-1: Ball
2-1: Ball
3-1: Base on Balls
Batting: SHB Enrique Uribe 0-0: Called Strike
0-1: Called Strike
0-2: Ball
1-2: Foul Ball, location: 2F
1-2: Ground out U3 (Groundball, 3S)
José Rivera to third
Nathan Frey to second
Batting: RHB Bobby Miller 0-0: Ball
1-0: Foul Ball, location: 2F
1-1: Foul Ball, location: 2F
1-2: Ball
2-2: Ball
3-2: Foul Ball, location: 2F
3-2: Base on Balls
Batting: RHB José García 0-0: Ball
1-0: SINGLE (Groundball, 34)
José Rivera scores
Nathan Frey to third
Bobby Miller to second
Runner from 3rd tries for Home, SAFE, throw made home
Bobby Miller to third
José García to second
Pitching: RHP Alex Hicks
Batting: RHB Patrick Daniels 0-0: Ball
1-0: Swinging Strike
1-1: SINGLE (Groundball, 56D)
Bobby Miller scores
José García to third
Runner from 3rd tries for Home, SAFE, no throw or cutoff
Batting: LHB Caleb Hall 0-0: Ball
1-0: Ground out 6-3 (Groundball, 4M)
Patrick Daniels to second
Batting: RHB Lakota O'Reilly 0-0: Ball
1-0: Ball
2-0: Foul Ball, location: 2F
2-1: Ball
3-1: Ground out 6-3 (Groundball, 6)
Top of the 6th over - 4 run(s), 3 hit(s), 0 error(s), 1 left on base; Salem 11 - Eau Claire 2
BOTTOM OF THE 6TH
Eau Claire Esquires batting - Pitching for Salem Sledgehammers : LHP Jesús González
Batting: RHB David Alonso 0-0: Called Strike
0-1: Called Strike
0-2: Ball
1-2: Ball
2-2: Strikes out swinging
Batting: LHB Johnny Foley 0-0: Ball
1-0: Ground out U3 (Groundball, 3S)
Batting: RHB Jason Stover 0-0: Ball
1-0: Ball
2-0: Foul Ball, location: 2F
2-1: Swinging Strike
2-2: Strikes out swinging
Bottom of the 6th over - 0 run(s), 0 hit(s), 0 error(s), 0 left on base; Salem 11 - Eau Claire 2
TOP OF THE 7TH
Salem Sledgehammers batting - Pitching for Eau Claire Esquires : RHP Alex Hicks
Batting: RHB Luis Bustamante 0-0: Ball
1-0: Called Strike
1-1: Ball
2-1: Called Strike
2-2: Foul Ball, location: 2F
2-2: Fly out, F8 (Flyball, 8LM)
Batting: LHB José Rivera 0-0: Swinging Strike
0-1: Ball
1-1: Ball
2-1: DOUBLE (Groundball, 3L)
Batting: LHB Nathan Frey 0-0: Ball
1-0: Ball
José Rivera is caught stealing 3rd base
2-0: Swinging Strike
2-1: Ball
3-1: Base on Balls
Batting: SHB Enrique Uribe 0-0: Called Strike
0-1: Ground out 4-3 (Groundball, 4)
Top of the 7th over - 0 run(s), 1 hit(s), 0 error(s), 1 left on base; Salem 11 - Eau Claire 2
BOTTOM OF THE 7TH
Eau Claire Esquires batting - Pitching for Salem Sledgehammers : LHP Jesús González
Pitching: LHP Ken Johnston
Batting: RHB Dave Anderson 0-0: Called Strike
0-1: Ball
1-1: Fly out, F9 (Flyball, 9M)
Batting: SHB Álex Hernández 0-0: Called Strike
0-1: Swinging Strike
0-2: Ball
1-2: Ball
2-2: Ground out 5-3 (Groundball, 5S)
Batting: RHB Félix Gonzáles 0-0: Swinging Strike
0-1: Ball
1-1: Called Strike
1-2: Strikes out swinging
Bottom of the 7th over - 0 run(s), 0 hit(s), 0 error(s), 0 left on base; Salem 11 - Eau Claire 2
TOP OF THE 8TH
Salem Sledgehammers batting - Pitching for Eau Claire Esquires : RHP Alex Hicks
Batting: RHB Bobby Miller 0-0: Called Strike
0-1: Foul Ball, location: 2F
0-2: Ball
1-2: Foul Ball, location: 2F
1-2: Foul Ball, location: 2F
1-2: Foul Ball, location: 2F
1-2: Fly out, F6 (Line Drive, 6M)
Pitching: RHP Robinson Alomar
Batting: RHB José García 0-0: Fly out, F9 (Flyball, 89M)
Batting: RHB Patrick Daniels 0-0: Ball
1-0: Called Strike
1-1: Foul Ball, location: 2F
1-2: Strikes out looking
Top of the 8th over - 0 run(s), 0 hit(s), 0 error(s), 0 left on base; Salem 11 - Eau Claire 2
BOTTOM OF THE 8TH
Eau Claire Esquires batting - Pitching for Salem Sledgehammers : LHP Ken Johnston
Batting: RHB Terry Perkins 0-0: Ball
1-0: Ball
2-0: Called Strike
2-1: Ball
3-1: Base on Balls
Batting: RHB Jon Krohne 0-0: Called Strike
0-1: Ball
1-1: Foul Ball, location: 2F
1-2: SINGLE (Line Drive, 6MD)
Terry Perkins to second
Batting: RHB Luis Pérez 0-0: Called Strike
0-1: Fly out, F4 (Line Drive, 4M)
Batting: RHB David Alonso 0-0: Called Strike
0-1: Swinging Strike
0-2: Strikes out looking
Batting: LHB Johnny Foley 0-0: Foul Ball, location: 2F
0-1: Ball
1-1: Fly out, F8 (Flyball, 8RS)
Bottom of the 8th over - 0 run(s), 1 hit(s), 0 error(s), 2 left on base; Salem 11 - Eau Claire 2
TOP OF THE 9TH
Salem Sledgehammers batting - Pitching for Eau Claire Esquires : RHP Robinson Alomar
Batting: LHB Caleb Hall 0-0: Ball
1-0: Ball
2-0: Ball
3-0: Base on Balls
Batting: RHB Lakota O'Reilly 0-0: SINGLE (Flyball, 8LS)
Caleb Hall to second
Batting: RHB Luis Bustamante 0-0: Called Strike
0-1: Ball
1-1: Ball
2-1: Swinging Strike
2-2: Strikes out looking
Batting: LHB José Rivera 0-0: Called Strike
0-1: Ball
1-1: Swinging Strike
1-2: Ball
2-2: Fielders Choice at 2nd, 4-6 (Groundball, 34)
Caleb Hall to third
Batting: LHB Nathan Frey 0-0: Ball
1-0: Ball
2-0: Ball
3-0: Base on Balls
José Rivera to second
Batting: SHB Enrique Uribe 0-0: Ball
1-0: Fly out, F8 (Flyball, 8LM)
Top of the 9th over - 0 run(s), 1 hit(s), 0 error(s), 3 left on base; Salem 11 - Eau Claire 2
BOTTOM OF THE 9TH
Eau Claire Esquires batting - Pitching for Salem Sledgehammers : LHP Ken Johnston
Batting: RHB Jason Stover 0-0: Swinging Strike
0-1: Ball
1-1: Fly out, F8 (Flyball, 8RM)
Batting: RHB Dave Anderson 0-0: Ball
1-0: Called Strike
1-1: Ball
2-1: Ball
3-1: Base on Balls
Batting: SHB Álex Hernández 0-0: Ball
1-0: Grounds into double play, 4-6-3 (Groundball, 4)
Bottom of the 9th over - 0 run(s), 0 hit(s), 0 error(s), 0 left on base; Salem 11 - Eau Claire 2
Monday, December 5th, 2016 - OOTP Baseball 17.12 Build 75